 Dungeon Crawl Stone Soup version 0.23-a0-448-g1c01f63 (webtiles) character file.

335 liczale the Grave Robber (level 6, 0/41 HPs)
             Began as a Mummy Necromancer on Nov 20, 2018.
             Was an Initiate of Yredelemnul.
             Slain by an ogre
             ... wielding a +0 giant spiked club
              (12 damage)
             ... on level 7 of the Dungeon.
             The game lasted 00:36:02 (25328 turns).

liczale the Grave Robber (Mummy Necromancer)       Turns: 25328, Time: 00:36:03

Health: 0/41       AC: 11    Str: 12    XL:     6   Next: 28%
Magic:  13/13      EV:  3    Int: 15    God:    Yredelemnul [......]
Gold:   177        SH:  0    Dex: 16    Spells: 13/14 levels left

rFire    x . .     SeeInvis .   (no weapon)
rCold    + . .     Gourm    .   (no shield)
rNeg     + + +     Faith    .   i - +0 plate armour
rPois    ∞         Spirit   .   b - -1 helmet
rElec    .         Reflect  .   (no cloak)
rCorr    .         Harm     .   l - +0 pair of gloves {Dex+3}
MR       .....                  (no boots)
Stlth    ..........             (no amulet)
HPRegen  0.13/turn              (no ring)
MPRegen  0.13/turn              (no ring)

@: no status effects
A: no food or potions, fire vulnerability, cold resistance 1, negative energy
resistance 3, torment resistance, unbreathing
a: Renounce Religion


You were on level 7 of the Dungeon.
You worshipped Yredelemnul.
Yredelemnul was noncommittal.
You were not hungry.

You visited 2 branches of the dungeon, and saw 7 of its levels.

You collected 177 gold pieces.

Inventory:

Hand Weapons
 m - a +0 blowgun
Missiles
 a - 29 bolts
 c - 4 needles of frenzy
 e - 21 arrows
 g - 16 sling bullets
 h - 76 stones (quivered)
Armour
 b - a -1 helmet (worn)
 i - a +0 plate armour (worn)
 l - a +0 pair of gloves of dexterity (worn)
Scrolls
 d - 2 scrolls of teleportation
 j - 3 scrolls of identify
 k - a scroll of remove curse


   Skills:
 - Level 1.1 Armour
 + Level 2.4 Dodging
 + Level 2.4 Stealth
 + Level 4.9 Spellcasting
 + Level 5.5 Necromancy


You had 13 spell levels left.
You knew the following spells:

 Your Spells              Type           Power        Failure   Level  Hunger
a - Pain                  Necr           ###.         98%         1    N/A

Your spell library contained the following spells:

 Spells                   Type           Power        Failure   Level  Hunger
 Animate Skeleton         Necr           N/A          98%         1    N/A
 Vampiric Draining        Necr           ###.......   100%        3    N/A
 Animate Dead             Necr           N/A          100%        4    N/A
 Regeneration             Chrm/Necr      Unusable     N/A         3    N/A

Dungeon Overview and Level Annotations

Branches:
Dungeon (8/15)             Temple (1/1) D:5
   Lair: D:8-11

Altars:
Ashenzari
Cheibriados
Elyvilon
Gozag
Kikubaaqudgha
Makhleb
Nemelex Xobeh
Okawaru
Ru
Trog
Xom
Yredelemnul
The Shining One

Annotations:
Temple !N


Innate Abilities, Weirdness & Mutations

You do not eat or drink.
Your flesh is vulnerable to fire.
You are immune to poison.
Your flesh is cold resistant. (rC+)
You are immune to negative energy. (rN+++)
You are immune to unholy pain and torment.
You can survive without breathing.


Message History

An ogre comes into view. It is wielding a +0 giant spiked club.
The ogre shouts!
There is an open door here.
The ogre hits you with a +0 giant spiked club.
The ogre hits you with a +0 giant spiked club!
There is a stone staircase leading down here.
The ogre hits you with a +0 giant spiked club!
* * * LOW HITPOINT WARNING * * *
You climb downwards.
A centaur comes into view.
The centaur shouts!
Found a rapier.
There is a stone staircase leading up here.
The centaur wields a +0 shortbow.
The centaur shoots an arrow.
The arrow hits you but does no damage.
You climb upwards.
There is a stone staircase leading down here.
The ogre hits you with a +0 giant spiked club!
You die...
Yredelemnul claims you as an undead slave.

#.# .. ####.# ..
..#.#..# #.#.#....
#.#.#..#.####
#........#.. #...#
...#.#
#.O@####.#.####### #
#.....##..........
....#.....###.........
..........'.'.........
..........###......(..
............#.........
####........#.........
..........#.........
###.#......#.........


You could see an ogre.

Vanquished Creatures
  Grinder (D:3)
  A hound (D:2)
  Jessica (D:2)
  A gnoll (D:1)
  An adder (D:2)
  2 worms (D:2)
  A dart slug (D:1)
  4 leopard geckos
  An orc (D:3)
  2 ball pythons
  7 giant cockroaches
  8 hobgoblins
  2 bats
  3 frilled lizards
  5 goblins
  6 kobolds
  8 rats
54 creatures vanquished.

Notes
Turn   | Place    | Note
-------+----------+-------------------------------------------
     0 | D:1      | liczale the Mummy Necromancer began the quest for the Orb.
     0 | D:1      | Reached XP level 1. HP: 13/13 MP: 4/4
    76 | D:1      | Reached XP level 2. HP: 19/19 MP: 0/5
   679 | D:1      | Reached XP level 3. HP: 24/24 MP: 4/7
  1319 | D:2      | Noticed Jessica
  1325 | D:2      | Killed Jessica
  1426 | D:2      | Reached XP level 4. HP: 30/30 MP: 3/9
  1602 | D:2      | Reached skill level 5 in Necromancy
  2236 | D:2      | Found a burning altar of Makhleb.
  2268 | D:2      | Reached skill level 1 in Armour
  2451 | D:2      | Became a worshipper of Makhleb the Destroyer
  5215 | D:2      | Ree!
  5385 | D:3      | Reached XP level 5. HP: 35/35 MP: 11/11
  5646 | D:3      | Noticed Grinder
  5648 | D:3      | Paralysed by Grinder for 6 turns
  5667 | D:3      | Killed Grinder
  5667 | D:3      | Reached XP level 6. HP: 32/41 MP: 11/13
  5724 | D:3      | You fall through a shaft for 2 floors!
  5724 | D:5      | Entered Level 5 of the Dungeon
  5724 | D:5      | Found a staircase to the Ecumenical Temple.
  5730 | Temple   | Entered the Ecumenical Temple
  5767 | Temple   | Fell from the grace of Makhleb
  5767 | Temple   | Became a worshipper of Yredelemnul the Dark
 10675 | Temple   | Fell from the grace of Yredelemnul
 25000 | Temple   | Became a worshipper of Yredelemnul the Dark
 25130 | D:5      | Noticed an ice beast
 25144 | D:5      | You fall through a shaft for 2 floors!
 25328 | D:7      | Slain by an ogre

Vault maps used:
D:1:      kennysheep_arrival_forest, minmay_pentomino_x2
D:2:      makhleb_heckhound_becter, uniq_jessica
D:3:      minmay_misc_feat_alley, uniq_grinder
D:5:      minmay_temple_entry_ruins, first_ration
D:7:      kennysheep_mini, minitemple, serial_undead, serial_undead_e,
          serial_undead_a, serial_undead_a, serial_undead_d, uniq_menkaure
D:8:      overflow_temple_1_default
Temple:   nicolae_temple_no_exploring_needed

Skill      XL: |  1  2  3  4  5 |
---------------+----------------+-----
Spellcasting   | 3 4 |  4.9
Necromancy     | 5 |  5.5
Armour         | 1 |  1.1
Dodging        | 2 |  2.4
Stealth        | 2 |  2.4

Action                   |  1- 3 |  4- 6 || total
-------------------------+-------+-------++-------
Melee: Unarmed           |     1 |     5 ||     6
Throw: Stone             |       |   156 ||   156
 Cast: Pain              |    62 |    43 ||   105
Evoke: Wand              |       |    27 ||    27
  Use: Scroll            |     6 |     1 ||     7
Armor: Robe              |     1 |       ||     1
       Ring mail         |     3 |     6 ||     9
       Plate armour      |       |   266 ||   266
Dodge: Dodged            |    12 |    59 ||    71

Table legend:
 A = Non-vault XP
 B = Vault XP
 C = Vault XP percentage of total XP
 D = Non-vault monster count
 E = Vault monster count
 F = Vault count percentage of total count
                 A         B        C        D         E       F
            +---------+---------+-------+---------+---------+-------
      Total |     117 |     362 |  75.6 |      49 |       5 |   9.3
            +---------+---------+-------+---------+---------+-------
        D:1 |      49 |       6 |  10.9 |      22 |       2 |   8.3
        D:2 |      45 |      79 |  63.7 |      16 |       2 |  11.1
        D:3 |      23 |     277 |  92.3 |      11 |       1 |   8.3
            +---------+---------+-------+---------+---------+-------
